 Dungeon Crawl Stone Soup version 0.30-b1-2-g02819fbbbe (webtiles) character file.

Game seed: 1225256501418527598

4732 Borgoz the Basher (level 10, 0/64 HPs)
             Began as a Gargoyle Berserker on June 16, 2023.
             Was a Priest of Trog.
             Slain by a centaur warrior (7 damage)
             ... on level 8 of the Dungeon.
             The game lasted 00:14:23 (7438 turns).

Borgoz the Basher (Gargoyle Berserker)              Turns: 7438, Time: 00:14:23

Health: 0/64       AC: 21    Str: 34    XL:     10   Next: 46%
Magic:  10/10      EV:  9    Int:  7    God:    Trog [***...]
Gold:   189        SH:  8    Dex: 15    Spells: 9/9 levels left

rFire   . . .        b - +5 mace "Ywies" {drain, Will- rCorr Str+6 Dex-3}
rCold   . . .        C - +0 kite shield
rNeg    + . .        c - +1 plate armour {rPois}
rPois   ∞            (no helmet)
rElec   +            (no cloak)
rCorr   +            (no gloves)
SInv    .            (no boots)
Will    +....        (no amulet) Stlth
                     d - ring of protection from fire
HPRegen 1.30/turn    k - ring "Ufipp" {rPois rF- rCorr Str+6 Dex+5}
MPRegen 0.12/turn

%: no passive effects
@: strong-willed, regenerating
A: sickness immunity, AC +7, negative energy resistance 1, electricity
resistance, torment resistance 1, petrification resistance
a: Renounce Religion, Berserk, Trog's Hand


You were on level 8 of the Dungeon.
You worshipped Trog.
Trog was most pleased with you.
You visited 2 branches of the dungeon, and saw 9 of its levels.

You collected 364 gold pieces.
You spent 175 gold pieces at shops.

Inventory:

Hand Weapons
 a - a +0 mace
 b - the +5 mace "Ywies" (weapon) {drain, Will- rCorr Str+6 Dex-3}
   (You found it on level 7 of the Dungeon)

   Str:       It affects your strength (+6).
   Dex:       It affects your dexterity (-3).
   rCorr:     It protects you from acid and corrosion.
   Will:      It decreases your willpower.
Missiles
 n - 5 throwing nets (quivered)
 G - 10 poisoned darts
Armour
 c - a +1 plate armour of poison resistance (worn)
 p - +0 steam dragon scales
 v - an orb of mayhem
 C - a +0 kite shield (worn)
Jewellery
 d - a ring of protection from fire (left hand)
 g - a +4 ring of protection
 k - the ring "Ufipp" (right hand) {rPois rF- rCorr Str+6 Dex+5}
   (You found it on level 2 of the Dungeon)

   [ring of strength]

   Str:       It affects your strength (+6).
   Dex:       It affects your dexterity (+5).
   rF:        It makes you vulnerable to fire.
   rPois:     It protects you from poison.
   rCorr:     It protects you from acid and corrosion.
 q - an amulet of magic regeneration
 r - a ring of ice
 D - a ring of protection from cold
Wands
 s - a wand of mindburst (22)
 u - a wand of roots (7)
Scrolls
 e - a scroll of amnesia {unknown}
 f - a scroll of magic mapping
 l - 5 scrolls of teleportation
 t - a scroll of brand weapon {unknown}
 y - a scroll of fog {unknown}
 z - 2 scrolls of poison
 A - a scroll of silence {unknown}
 B - a scroll of torment {unknown}
 F - a scroll of acquirement {unknown}
Potions
 i - 2 potions of might
 j - 2 potions of haste
 m - a potion of cancellation {unknown}
 o - a potion of flight
 w - a potion of heal wounds {unknown}
 x - a potion of invisibility {unknown}
 E - a potion of berserk rage {unknown}


   Skills:
 * Level 8.0 Fighting
 * Level 8.1 Maces & Flails
 - Level 3.0 Throwing
 * Level 7.6 Armour
 + Level 4.6 Dodging
 + Level 4.6 Stealth
 + Level 2.4 Shields
 + Level 3.5 Evocations


You had 9 spell levels left.
You didn't know any spells.
Your spell library was empty.

Dungeon Overview and Level Annotations

Branches:
Dungeon (8/15)             Temple (1/1) D:6
   Lair: D:8-11

Altars:
Cheibriados
Dithmenos
Elyvilon
Fedhas
Gozag
Hepliaklqana
Kikubaaqudgha
Makhleb
Nemelex Xobeh
Okawaru
Qazlal
Ru
Sif Muna
Trog
Uskayaw
Xom
Yredelemnul
Zin
The Shining One

Shops:
D:4 **   D:7 **


Innate Abilities, Weirdness & Mutations

You are immune to sickness and miasma.
Your stone body is resilient. (AC +7)
You are immune to poison.
You resist negative energy. (rN+)
You are resistant to electric shocks. (rElec)
You are resistant to unholy torment.
You are immune to petrification.


Message History

The centaur warrior is moderately wounded.
The centaur warrior hits you but does no damage.
You block the centaur warrior's attack. You block the cyclops's attack.
You sock the centaur warrior!
The centaur warrior is heavily wounded.
The centaur warrior hits you but does no damage.
You block the centaur warrior's attack. You block the cyclops's attack.
The centaur warrior barely misses you.
The centaur warrior kicks you but does no damage.
You sock the centaur warrior!
The centaur warrior is severely wounded.
The centaur warrior hits you but does no damage.
The centaur warrior kicks you but does no damage.
The cyclops hits you but does no damage.
The centaur warrior barely misses you.
The centaur warrior kicks you but does no damage.
You closely miss the centaur warrior.
The centaur warrior is severely wounded.
The centaur warrior hits you!
* * * LOW HITPOINT WARNING * * *
You block the centaur warrior's attack. The cyclops barely misses you.
Okay, then.
You barely miss the centaur warrior.
The centaur warrior is severely wounded.
You block the centaur warrior's attack.
The centaur warrior kicks you but does no damage.
The centaur warrior hits you.
* * * LOW HITPOINT WARNING * * *
The centaur warrior kicks you but does no damage.
You sock the centaur warrior!
The centaur warrior is almost dead.
The centaur warrior barely misses you. You block the centaur warrior's attack.
The cyclops hits you.
* * * LOW HITPOINT WARNING * * *
You barely miss the centaur warrior.
The centaur warrior is almost dead.
You block the centaur warrior's attack.
The centaur warrior kicks you but does no damage.
The centaur warrior hits you!
You die...

,,,,,.......#.#......,,,,,,,,,,,,
,,,,,.......#.#......,,,,,,,,,,,,
,,,,,......##)##.....,,,,,,,,,,,,
,,,,,......#...#.....,,,,,,,,,,,,
,,,,,.....##...##....,,,,,,,,,,,,
,,,,,.....#.....#,,,,,,,,,,,,,,,,
,,,,,....##.....##,,,,,,,,,,,,,,,
,,,,,,,,,#.#####.#,,,,,,,,,,,,,,,
,,,,,,,,*#.*,,,#@##,,,,,,,,,,,,,,
,,,,,,,,*..###,#cC#,,,,,,,,,,,,,,
*,,,,,,*#......#..#*,,,,,,,,,,,,,
**,,,********#...##***,,,,,,,,,,,
,,,****,*#.......#*,,***,,,,,,,**
,***,*,*,..#####..**,,,***,,,,,,*
***,*,*,,,**,,,.#.#*,*,,,***,,,*,
,*,*,*,*,,*,,,,.*.#*,*,*,,,***,,,
*,*,*,*,*,*,,*".*.#*,*,*,*,,,,**,


You could see a centaur warrior and a cyclops (drained).

Vanquished Creatures
  An ugly thing (D:8)
  Maggie (D:7)
  A troll (D:8)
  A hornet (D:8)
  The ghost of ioannis32 the Chopper, an amateur DsBe of Trog (D:4)
  A shadow (D:8)
  A yak (D:6)
  2 steam dragons
  A water moccasin (D:7)
  2 black bears
  2 ice beasts (D:4)
  3 sky beasts
  2 ogres (D:6)
  A centaur (D:6)
  3 phantoms
  A kobold brigand (D:8)
  3 bullfrogs
  3 scorpions
  5 killer bees (D:8)
  A howler monkey (D:7)
  An orc priest (D:6)
  3 jellies
  3 hounds
  A gnoll bouda (D:7)
  7 iguanas
  A sleepcap (D:7)
  Natasha (thrice) (D:4)
  3 orc wizards (D:6)
  16 gnolls
  8 adders
  2 shadow imps (D:5)
  3 ufetubi (D:5)
  3 worms
  A dart slug (D:3)
  14 orcs
  5 ball pythons
  7 endoplasms
  3 goblins
  5 hobgoblins
  4 jackals (D:2)
  12 kobolds
  3 quokkas
  A bat (D:2)
  3 frilled lizards
  4 rats
152 creatures vanquished.

Vanquished Creatures (collateral kills)
  A scorpion (D:6)
1 creature vanquished.

Vanquished Creatures (others)
  An orc wizard (D:6)
  2 adders (D:5)
  4 orcs (D:6)
  11 fungi (D:6)
18 creatures vanquished.

Grand Total: 171 creatures vanquished

Notes
Turn   | Place    | Note
-------+----------+-------------------------------------------
     0 | D:1      | Borgoz the Gargoyle Berserker began the quest for the Orb.
     0 | D:1      | Reached XP level 1. HP: 14/14 MP: 1/1
   331 | D:1      | Reached XP level 2. HP: 12/19 MP: 2/2
   744 | D:2      | Found a shadowy altar of Dithmenos.
   961 | D:2      | Reached XP level 3. HP: 18/23 MP: 3/3
  1162 | D:2      | Reached ** piety under Trog
  1216 | D:2      | Identified the ring "Ufipp" {rPois rF- rCorr Str+6 Dex+5}
  1468 | D:2      | Found a faded altar of an unknown god.
  2158 | D:4      | Found Vaacoekk's Assorted Antiques.
  2164 | D:4      | Bought a scratched jade ring for 145 gold pieces
  2179 | D:4      | Reached XP level 4. HP: 16/29 MP: 4/4
  2199 | D:4      | Noticed Natasha
  2211 | D:4      | Killed Natasha
  2302 | D:4      | Reached XP level 5. HP: 32/33 MP: 5/5
  2357 | D:4      | Noticed Natasha
  2366 | D:4      | Killed Natasha
  2587 | D:4      | Reached XP level 6. HP: 38/38 MP: 6/6
  2638 | D:4      | Found Atoigg's General Store.
  2647 | D:4      | Bought a scroll of teleportation for 30 gold pieces
  2671 | D:4      | Noticed ioannis32's ghost (amateur DsBe)
  2679 | D:4      | Noticed Natasha
  2686 | D:4      | Killed Natasha
  2687 | D:4      | Reached skill level 5 in Maces & Flails
  2690 | D:4      | Found a runed translucent door.
  3267 | D:5      | Entered Level 5 of the Dungeon
  3270 | D:5      | Noticed an ice beast
  3300 | D:5      | Noticed an ice beast
  3319 | D:4      | Killed an ice beast
  3364 | D:4      | Killed an ice beast
  3365 | D:4      | Reached XP level 7. HP: 33/44 MP: 7/7
  3510 | D:5      | Reached skill level 5 in Fighting
  3654 | D:5      | Reached *** piety under Trog
  3724 | D:5      | Reached skill level 1 in Stealth
  3970 | D:5      | Reached XP level 8. HP: 49/49 MP: 8/8
  4382 | D:5      | Reached skill level 1 in Throwing
  4533 | D:5      | Reached skill level 1 in Evocations
  4551 | D:5      | Reached skill level 5 in Armour
  4555 | D:5      | HP: 2/50 [orc/+0 trident (6)]
  5012 | D:6      | Noticed a yak
  5023 | D:6      | Killed a yak
  5124 | D:6      | Reached XP level 9. HP: 45/55 MP: 9/9
  5391 | D:4      | Killed ioannis32's ghost
  5452 | D:6      | Found a staircase to the Ecumenical Temple.
  5486 | Temple   | Entered the Ecumenical Temple
  5985 | D:6      | Found an iron altar of Okawaru.
  6258 | D:7      | Found Jehasaom's Assorted Antiques.
  6410 | D:7      | Found Saw Fuviuge's Fire Supplies.
  6673 | D:7      | Reached skill level 1 in Shields
  6834 | D:7      | Found a sparkling altar of Nemelex Xobeh.
  7012 | D:7      | Noticed Maggie
  7023 | D:7      | Killed Maggie
  7024 | D:7      | Reached XP level 10. HP: 45/63 MP: 10/10
  7026 | D:7      | Identified the +5 mace "Ywies" {drain, Will- rCorr Str+6
                  | Dex-3}
  7383 | D:8      | Noticed a red ugly thing
  7397 | D:8      | Killed a red ugly thing
  7414 | D:8      | Noticed a centaur warrior
  7415 | D:8      | Noticed a cyclops
  7428 | D:8      | HP: 3/64 [cyclops (8)]
  7438 | D:8      | Slain by a centaur warrior

Illustrated notes

Levels and vault maps discovered:
D:1:      spicycebolla_arrival_xxxplode, layout_basic
D:2:      layout_basic, hellmonk_ecumenical_altar_leap_of_faith, basic_altar
D:3:      layout_loops_cross, chequers_mini_garden
D:4:      layout_basic, hellmonk_ghost_happy_afterlife, serial_shops, shop,
          shop, uniq_natasha
D:5:      layout_basic, minmay_misc_feat_columns, minmay_misc_feat_nine_boxes,
          minmay_misc_feat_tower, minmay_circle_x
D:6:      minmay_chambers_of_threes, layout_loops_ring,
          mainiacjoe_overflow_alcove_1, minmay_temple_entry_mini_moons,
          grunt_decor_junction, dreamdust_mushroom_princess
D:7:      layout_gridville, mainiacjoe_overflow_chevrons, serial_shops, shop,
          nicolae_shop_fire_sale [nicolae_sub_dead_trees], uniq_maggie
D:8:      minmay_the_grid_four_pointed_star
          [minmay_the_grid_triangle_9x9_checkered,
          minmay_the_grid_triangle_9x9_intruding_spiral,
          minmay_the_grid_triangle_9x9_steps,
          minmay_the_grid_triangle_9x9_longest,
          minmay_the_grid_prize_inner_circle], layout_layer_cave,
          gammafunk_temple_overflow_claw, serial_shops, shop, enter_bailey_4
Temple:   sentei_temple_godly_chess

Skill      XL: |  1  2  3  4  5  6  7  8  9 10 |
---------------+-------------------------------+-----
Dodging        | 2 3 4 |  4.6
Maces & Flails | 4 5 6 7 8 |  8.1
Armour         | 3 4 5 7 |  7.6
Fighting       | 4 5 6 7 8 |  8.0
Stealth        | 1 2 4 |  4.6
Throwing       | 2 3 |  3.0
Evocations     | 2 3 |  3.5
Shields        | 1 2 |  2.4

Action                     |  1- 3 |  4- 6 |  7- 9 | 10-12 || total
---------------------------+-------+-------+-------+-------++-------
  Melee: Mace              |   122 |   115 |   409 |    67 ||   713
         Punch             |     4 |       |       |       ||     4
  Throw: Throwing net      |       |       |     1 |       ||     1
 Invoke: Berserk           |     2 |     2 |     7 |       ||    11
         Trog's Hand       |       |     1 |     1 |     2 ||     4
  Evoke: Wand              |       |       |     1 |       ||     1
    Use: Scroll            |     3 |       |     7 |     1 ||    11
         Potion            |       |       |     3 |     2 ||     5
 Armour: Plate armour      |    86 |    79 |   332 |    96 ||   593
         Animal skin       |     1 |       |       |       ||     1
  Dodge: Dodged            |    38 |    39 |   211 |    70 ||   358
  Block: Kite shield       |       |       |    40 |    50 ||    90
